 Dungeon Crawl Stone Soup version 0.24-a0-769-g368c1644f8 (webtiles) character file.

Game seed: 8403106832745226781, levelgen mode: deterministic

4825 Erk the Nimble (level 10, 0/80 HPs)
             Began as a Human Fighter on Oct 6, 2019.
             Was a Priest of Elyvilon.
             Killed by divine providence
             ... invoked by an orc priest
              (14 damage)
             ... on level 10 of the Dungeon.
             The game lasted 01:24:03 (8756 turns).

Erk the Nimble (Human Fighter)                      Turns: 8756, Time: 01:24:03

Health: 0/80       AC:  6    Str: 17    XL:     10   Next: 77%
Magic:  2/10       EV: 18    Int:  9    God:    Elyvilon [***...]
Gold:   161        SH:  9    Dex: 19    Spells: 9/9 levels left

rFire    + . .     SeeInvis .   a - +3 dagger (protect)
rCold    . . .     Gourm    .   w - +0 shield
rNeg     . . .     Faith    .   j - +0 leather armour
rPois    .         Spirit   .   (no helmet)
rElec    +         Reflect  .   (no cloak)
rCorr    .         Harm     .   n - +0 pair of gloves
MR       .....                  r - +1 pair of boots of Vanity {rElec rF+ Regen+}
Stlth    ++++......             s - amulet of regeneration
HPRegen  1.03/turn              h - +2 ring of dexterity
MPRegen  0.12/turn              B - +2 ring of dexterity

@: studying Slings
A: no striking features
a: Lesser Healing, Heal Other, Purification, Divine Protection, Renounce
Religion


You were on level 10 of the Dungeon.
You worshipped Elyvilon.
Elyvilon was most pleased with you.
You were not hungry.

You visited 2 branches of the dungeon, and saw 11 of its levels.

You collected 499 gold pieces.
You spent 338 gold pieces at shops.

Inventory:

Hand Weapons
 a - a +3 dagger of protection (weapon)
 b - a +2 dagger of holy wrath
 c - a +1 whip of freezing
 d - a +0 whip of electrocution
Missiles
 m - 3 atropa-tipped darts
 o - 26 poisoned darts (quivered)
 q - 15 sling bullets
Armour
 j - a +0 leather armour (worn)
 n - a +0 pair of gloves (worn)
 r - the +1 pair of boots of Vanity (worn) {rElec rF+ Regen+}
   (You found it on level 9 of the Dungeon)

   It protects you from fire.
   It insulates you from electricity.
   It increases your rate of regeneration.
 w - a +0 shield (worn)
 x - a +0 plate armour
Magical Staves
 F - an uncursed staff of cold
Jewellery
 h - a +2 ring of dexterity (left hand)
 l - an uncursed ring of poison resistance
 s - an amulet of regeneration (around neck)
 y - an uncursed amulet of the acrobat
 z - an uncursed ring of resist corrosion
 A - an uncursed ring of ice
 B - a +2 ring of dexterity (right hand)
Wands
 i - a wand of polymorph (18)
 D - a wand of iceblast (5)
 H - a wand of flame (15)
Scrolls
 k - 2 scrolls of remove curse
 p - 3 scrolls of amnesia
 u - a scroll of identify
 E - 3 scrolls of enchant weapon
 I - 2 scrolls of teleportation
Potions
 e - 6 potions of curing
 t - a potion of haste
 v - a potion of flight
 G - a potion of ambrosia
 J - a potion of invisibility
Books
 C - a manual of Slings
Comestibles
 f - 23 rations


   Skills:
 + Level 8.2 Fighting
 + Level 2.4 Short Blades
 - Level 3.0 Armour
 - Level 10.5 Dodging
 + Level 8.1 Stealth
 + Level 3.3 Shields


You had 9 spell levels left.
You didn't know any spells.
Your spell library contained the following spells:

 Spells                   Type           Power        Failure   Level  Hunger
 Animate Skeleton         Necr           N/A          91%         1    ##.....
 Corona                   Hex            #......      91%         1    ##.....
 Pain                     Necr           #...         91%         1    ##.....
 Ensorcelled Hibernation  Hex/Ice        #.....       97%         2    ###....
 Confuse                  Hex            #.......     100%        3    ####...
 Dazzling Spray           Conj/Hex       #.....       100%        3    ####...
 Regeneration             Chrm/Necr      #.........   100%        3    ####...
 Tukima's Dance           Hex            #.......     100%        3    ####...
 Vampiric Draining        Necr           #.........   100%        3    ####...
 Animate Dead             Necr           N/A          100%        4    #####..


Dungeon Overview and Level Annotations

Branches:
Dungeon (10/15)            Temple (1/1) D:5
   Lair: D:8-11         Orc: D:9-12

Altars:
Elyvilon
Fedhas
Gozag
Hepliaklqana
Nemelex Xobeh
Okawaru
Qazlal
Vehumet
Wu Jian
Xom
The Shining One

Shops:
D:4 [   D:8 !

Annotations:
D:10 exclusion: two-headed ogre


Message History

You hit the orc.
You kill the orc!
A crimson imp comes into view.
The orc priest misses you.
The orc priest looks braver for a moment.
The orc priest hits you but does no damage.
Found 7 gold pieces.
Okay, then.
The orc priest calls down the wrath of Beogh upon you.
Beogh smites you!
* * * LOW HITPOINT WARNING * * *
The orc priest calls down the wrath of Beogh upon you.
Beogh smites you!
* * * LOW HITPOINT WARNING * * *
You see here 7 gold pieces.
The centaur warrior skeleton hits you.
* * * LOW HITPOINT WARNING * * *
The orc priest invokes the aid of Beogh against you.
Beogh smites you!
You die...

##.##.=.# #.# #...
..# #.# ## #.# #h#
#.# ##o# #.# .op#
#.# .oo# #.## ...##
#..# ....## #@.#
.....# #..# ......#
######Z$# ........
.......o.#
##.........(....oW#
# ....##. ......a.#
. ....##.......H..#
. ........##...o.#
)o .....##.....#


You could see a hippogriff, a wraith, a worker ant, 2 orc priests, an orc and a
centaur warrior skeleton.

Vanquished Creatures
  Pikel (D:7)
  2 trolls (D:9)
  A hungry ghost (D:8)
  A water moccasin (D:5)
  4 sky beasts
  An orc warrior (D:10)
  3 phantoms
  An ice beast (D:7)
  A black bear (D:9)
  8 ogres
  3 centaurs
  A big kobold (D:8)
  A bullfrog (D:6)
  2 scorpions
  4 killer bees
  5 howler monkeys
  An electric eel (D:6)
  2 crimson imps
  3 bullfrog zombies
  4 hounds
  6 orc priests
  3 jellies
  10 orc wizards
  Jessica (D:3)
  2 iguanas
  4 worker ants
  4 hound skeletons
  A howler monkey zombie (D:5)
  4 gnolls
  8 adders
  A shadow imp (D:5)
  An ooze (D:4)
  An adder skeleton (D:5)
  A worm (D:4)
  2 leopard geckos
  27 orcs
  8 bats
  8 giant cockroaches
  8 goblins
  7 hobgoblins
  5 jackals (D:5)
  12 kobolds
  3 quokkas
  A ball python (D:5)
  4 frilled lizards
  A leopard gecko zombie (D:8)
  2 quokka skeletons (D:4)
  6 rats
190 creatures vanquished.

Vanquished Creatures (others)
  A crimson imp (D:7)
  2 orc wizards
  A worker ant zombie (D:7)
  A gnoll (D:7)
  2 orcs
  A plant (D:6)
8 creatures vanquished.

Grand Total: 198 creatures vanquished

Notes
Turn   | Place    | Note
-------+----------+-------------------------------------------
     0 | D:1      | Erk the Human Fighter began the quest for the Orb.
     0 | D:1      | Reached XP level 1. HP: 18/18 MP: 1/1
    89 | D:1      | Reached XP level 2. HP: 24/24 MP: 2/2
    94 | D:1      | Reached skill level 1 in Dodging
   152 | D:1      | Reached skill level 1 in Stealth
   242 | D:1      | Reached XP level 3. HP: 29/29 MP: 3/3
   656 | D:1      | Reached skill level 2 in Dodging
  1037 | D:2      | Reached XP level 4. HP: 29/35 MP: 4/4
  1314 | D:3      | Noticed Jessica
  1334 | D:3      | Killed Jessica
  1526 | D:3      | Reached XP level 5. HP: 37/42 MP: 5/5
  1615 | D:3      | Reached skill level 3 in Dodging
  1671 | D:3      | Found a white marble altar of Elyvilon.
  1691 | D:3      | Became a worshipper of Elyvilon the Healer
  1969 | D:4      | Noticed an ogre
  1991 | D:4      | Killed an ogre
  1991 | D:4      | Reached XP level 6. HP: 48/48 MP: 6/6
  2043 | D:4      | Found Qoatzaen's Antique Armour Emporium.
  2111 | D:4      | Found a sparkling altar of Nemelex Xobeh.
  2181 | D:5      | Entered Level 5 of the Dungeon
  2237 | D:4      | Noticed a phantom
  2255 | D:5      | Reached skill level 4 in Dodging
  2391 | D:4      | Reached * piety under Elyvilon
  2443 | D:4      | Noticed a sky beast
  2457 | D:4      | Killed a sky beast
  2457 | D:4      | Reached XP level 7. HP: 42/55 MP: 7/7
  2502 | D:4      | Reached skill level 5 in Dodging
  2936 | D:6      | Found an ornate altar of the Wu Jian Council.
  3018 | D:7      | Noticed Pikel
  3039 | D:5      | Found a blossoming altar of Fedhas.
  3087 | D:5      | Reached skill level 5 in Fighting
  3087 | D:5      | Reached XP level 8. HP: 53/62 MP: 8/8
  3220 | D:5      | Reached skill level 6 in Dodging
  3238 | D:5      | Reached ** piety under Elyvilon
  3471 | D:5      | Found a staircase to the Ecumenical Temple.
  3480 | Temple   | Entered the Ecumenical Temple
  3504 | D:5      | Reached skill level 5 in Stealth
  4283 | D:6      | Reached skill level 7 in Dodging
  4717 | D:6      | Reached XP level 9. HP: 69/69 MP: 9/9
  4937 | D:6      | Reached *** piety under Elyvilon
  5258 | D:7      | Killed Pikel
  5258 | D:7      | Reached skill level 8 in Dodging
  5736 | D:7      | Found an opulent altar of Gozag.
  5979 | D:7      | Found an iron altar of Okawaru.
  6145 | D:8      | Reached skill level 9 in Dodging
  6219 | D:8      | Found Ytresoju's Distillery.
  6227 | D:8      | Reached **** piety under Elyvilon
  6240 | D:8      | Bought 2 potions of haste for 260 gold pieces
  6240 | D:8      | Bought 2 potions of curing for 78 gold pieces
  6417 | D:8      | Reached XP level 10. HP: 74/79 MP: 10/10
  6734 | D:8      | Found a hazy altar of Hepliaklqana.
  6735 | D:8      | Found a shimmering altar of Xom.
  6736 | D:8      | Noticed a Killer Klown
  6736 | D:8      | Noticed a Killer Klown
  6736 | D:8      | Noticed a spectral ugly thing
  6784 | D:8      | Found a glowing golden altar of the Shining One.
  7189 | D:8      | Found a stormy altar of Qazlal.
  7581 | D:9      | Reached skill level 10 in Dodging
  7786 | D:9      | HP: 2/80 [troll (3)]
  7881 | D:9      | Got a pair of spiked boots
  7913 | D:9      | Identified the +1 pair of boots of Vanity {rElec rF+
                  | Regen+} (You found it on level 9 of the Dungeon)
  8016 | D:10     | Entered Level 10 of the Dungeon
  8028 | D:9      | Found a radiant altar of Vehumet.
  8473 | D:10     | Noticed a two-headed ogre
  8726 | D:10     | Elyvilon protects you from harm!
  8736 | D:10     | HP: 4/80 [orc priest/divine providence (17)]
  8756 | D:10     | Killed from afar by an orc priest

Levels and vault maps discovered:
D:1:      zelgadis_glass_arrival_small, layout_basic, st_stairs_3,
          minmay_stone_trees_small, chequers_serial_rivers_micro_c,
          minmay_tripent
D:2:      layout_loops_ring
D:3:      layout_loops_ring, elyvilon_altar_3, first_ration, uniq_jessica
D:4:      layout_loops_ring, overflow_temple_1_default, serial_shops, shop,
          minmay_manual_macuahuitl
D:5:      layout_basic, minmay_temple_entry_junction, serial_glass,
          glass_columns_a, glass_columns_c, due_unseen_surprise,
          minmay_strange_pillars, bh_chokoban, fedhas_altar_fruit_tree
D:6:      layout_loops_ring, lemuel_crystal_altar, serial_bayou,
          serial_bayou_lagoon_b, serial_bayou_pond_a, serial_bayou_ford_a,
          serial_bayou_pond_b, grunt_ministairs_7,
          eino_small_chamber_without_monster
D:7:      layout_cave_pools, nicolae_overflow_hidden_temple,
          nicolae_gozag_cash_rules_everything_around_me, uniq_pikel
D:8:      layout_basic, regret_index_temple_of_mockery, tso_oasis_becter,
          basic_altar, serial_shops, nicolae_shop_stone, blue_anna_alchemist
          [blue_anna_fruit_fields, blue_anna_fruit_fields]
D:9:      layout_rooms, vehumet_altar_wand_db, hangedman_corner_corridor
D:10:     layout_loops_ring, erik_orc_4, basic_altar, st_stairs_14
Temple:   nicolae_temple_figure_eight

Skill      XL: |  1  2  3  4  5  6  7  8  9 10 |
---------------+-------------------------------+-----
Dodging        | 1 2 3 4 5 7 9 10 | 10.5
Stealth        | 1 2 3 4 5 7 8 |  8.1
Fighting       | 4 5 7 8 |  8.2
Short Blades   | |  2.4
Armour         | |  3.0
Shields        | |  3.3

Action                   |  1- 3 |  4- 6 |  7- 9 | 10-12 || total
-------------------------+-------+-------+-------+-------++-------
Melee: Rapier            |    68 |       |       |       ||    68
       Dagger            |    74 |   153 |   700 |   651 ||  1578
Throw: Dart              |       |     7 |    57 |    13 ||    77
       Throwing net      |       |     1 |       |       ||     1
Invok: Lesser Healing    |       |       |     3 |    31 ||    34
       Greater Healing   |       |       |       |     2 ||     2
       Purification      |       |       |       |     1 ||     1
Evoke: Wand              |       |     1 |       |    15 ||    16
  Use: Scroll            |     4 |     3 |    12 |     4 ||    23
       Potion            |       |       |     7 |     9 ||    16
 Stab: Sleeping          |     1 |     4 |     4 |     5 ||    14
  Eat: Chunk             |     1 |     4 |    11 |     9 ||    25
       Ration            |       |       |     1 |     3 ||     4
Armor: Scale mail        |    25 |       |       |       ||    25
       Leather armour    |    10 |    34 |   162 |   169 ||   375
       Robe              |     4 |       |       |       ||     4
Dodge: Dodged            |    38 |    43 |   305 |   375 ||   761
Block: Shield            |    66 |    58 |   255 |   235 ||   614

Table legend:
 A = Non-vault XP
 B = Vault XP
 C = Vault XP percentage of total XP
 D = Non-vault monster count
 E = Vault monster count
 F = Vault count percentage of total count
                 A         B        C        D         E       F
            +---------+---------+-------+---------+---------+-------
      Total |    5087 |    1806 |  26.2 |     166 |      25 |  13.1
            +---------+---------+-------+---------+---------+-------
        D:1 |      40 |       8 |  16.7 |      24 |       4 |  14.3
        D:2 |      24 |       0 |   0.0 |      14 |       0 |   0.0
        D:3 |      65 |      37 |  36.3 |      16 |       1 |   5.9
        D:4 |     490 |      22 |   4.3 |       8 |       4 |  33.3
        D:5 |     864 |       0 |   0.0 |      30 |       0 |   0.0
        D:6 |     909 |      72 |   7.3 |      15 |       3 |  16.7
        D:7 |     372 |     593 |  61.5 |       8 |       1 |  11.1
        D:8 |    1283 |      97 |   7.0 |      29 |       1 |   3.3
        D:9 |     808 |     804 |  49.9 |      17 |       8 |  32.0
       D:10 |     232 |     173 |  42.7 |       5 |       3 |  37.5
            +---------+---------+-------+---------+---------+-------
